[Event "*** Titled Tuesday Blitz"]
[Site "Chess.com"]
[Date "2020.05.19"]
[Round "9"]
[White "Enriquack"]
[Black "mamonika"]
[Result "1-0"]
[WhiteElo "2305"]
[BlackElo "1993"]
[TimeControl "180+1"]
[EndTime "13:46:42 PDT"]
[Termination "Enriquack won by resignation"]

1. e4 c5 2. Nf3 e6 3. d4 cxd4 4. Nxd4 Nf6 5. Bd3 Nc6 6. Nxc6 bxc6 7. O-O e5 8. Nd2 Be7 9. c3 O-O 10. Qc2 d5 11. Re1 Qc7 12. Nf3 Bg4 13. Nd2 Rfe8 14. h3 Bh5 15. b3 Rad8 16. Bb2 Bg6 17. Rad1 Bc5 18. c4 d4 19. Nf1 a5 20. a3 Rb8 21. Rb1 Rb7 22. Bc1 Reb8 23. Nd2 Ne8 24. g3 h5 25. h4 Qe7 26. Ra1 Nf6 27. Kg2 Ng4 28. Re2 Qf6 29. Qd1 Qe6 30. Rb1 f5 31.
exf5 Bxf5 32. Qc2 Rf7 33. Ne4 Bxe4+ 34. Bxe4 Rbf8 35. f3 Nf6 36. Bd3 e4 37. Bxe4 Nxe4 38. Qxe4 Qf6 39. Bf4 Qxf4 40. gxf4 1-0

[Event "*** Titled Tuesday Blitz"]
[Site "Chess.com"]
[Date "2020.05.19"]
[Round "9"]
[White "fodorpoti"]
[Black "gilbert_gm"]
[Result "1/2-1/2"]
[WhiteElo "2761"]
[BlackElo "2614"]
[TimeControl "180+1"]
[EndTime "13:46:43 PDT"]
[Termination "Game drawn - insufficient material"]

1. d4 c6 2. c4 Nf6 3. Nc3 d5 4. cxd5 Nxd5 5. e4 Nxc3 6. bxc3 e5 7. Nf3 exd4 8. cxd4 Bb4+ 9. Bd2 Bxd2+ 10. Qxd2 O-O 11. Bc4 Bg4 12. Ne5 Bh5 13. O-O Nd7 14. f4 Nxe5 15. fxe5 Qe7 16. Bb3 Rad8 17. Qe3 c5 18. dxc5 Qxe5 19.
Rae1 Bg6 20. Bd5 Qe7 21. h3 Rc8 22. Rc1 Rc7 23. Kh1 Rfc8 24. Qb3 h6 25. Rc3 Rxc5 26. Rxc5 Rxc5 27. Qxb7 Qxb7 28. Bxb7 f6 29. Rd1 Re5 30.
Rd8+ Kh7 31. Rd7 a5 32. Rd4 Bf7 33. a3 Re7 34. Bd5 Rd7 35. Kg1 Bxd5 36. exd5 Kg6 37. Kf2 Kf5 38. d6 Ke6 39. Ra4 Ra7 40. Rd4 g5 41.
Kg3 h5 42. h4 Rd7 43. Ra4 Rxd6 44. Rxa5 Rd3+ 45. Kh2 gxh4 46. Rxh5 Rxa3 47. Rxh4 Re3 48. Rh8 Kf7 49. Ra8 Kg6 50. Ra5 Re6 51. Rb5 Re4 52. Ra5 Rh4+ 53. Kg3 Rh5 54. Rxh5 Kxh5 55. Kf3 Kg5 56. g4 Kh4 57. Kf4 Kh3 58. Kf5 Kg3 59. Kxf6 Kxg4 1/2-1/2

[Event "*** Titled Tuesday Blitz"]
[Site "Chess.com"]
[Date "2020.05.19"]
[Round "9"]
[White "1f3_2g41-0"]
[Black "Sergey85Rodchenkov"]
[Result "0-1"]
[WhiteElo "2326"]
[BlackElo "2518"]
[TimeControl "180+1"]
[EndTime "13:46:43 PDT"]
[Termination "Sergey85Rodchenkov won on time"]

1. e4 c5 2. Nf3 d6 3. d4 cxd4 4. Nxd4 Nf6 5. Nc3 a6 6. h3 e6 7. g4 d5 8. exd5 Nxd5 9. Nxd5 Qxd5 10. Rg1 Bc5 11. Be3 Qd6 12. Qd2 O-O 13. Bg2 e5 14.
Nb3 Qxd2+ 15. Bxd2 Bb6 16. Bc3 Nc6 17. Rf1 f5 18. gxf5 Bxf5 19. O-O-O Rae8 20. Rd6 Bc7 21. Bxc6 Bxd6 22. Bxe8 Rxe8 23. Rd1 Bf8 24. Na5 b6 25. Nc4 b5 26. Nxe5 Bxh3 27. f4 Bf5 28. Rg1 b4 29.
Bd4 Rd8 30. c3 bxc3 31. Bxc3 g6 32. Rd1 Rxd1+ 33. Kxd1 h5 34. Ke2 Bc5 35. Kf3 Kf8 36. a3 Ke7 37. Nc6+ Kd6 38. Ne5 Kd5 39. Nf7 Be7 40.
Ne5 h4 41. Nf7 Bc5 42. Nh6 Be6 43. Bf6 h3 44. Kg3 Be3 0-1

[Event "*** Titled Tuesday Blitz"]
[Site "Chess.com"]
[Date "2020.05.19"]
[Round "9"]
[White "RichardShtivelband"]
[Black "Olga_Girya"]
[Result "1-0"]
[WhiteElo "2290"]
[BlackElo "2400"]
[TimeControl "180+1"]
[EndTime "13:46:44 PDT"]
[Termination "RichardShtivelband won on time"]

1. e4 c6 2. d4 d5 3. e5 Bf5 4.
Nf3 e6 5. Be2 Ne7 6. O-O Bg6 7. a4 Nd7 8. Nbd2 Nf5 9. Nb3 Rc8 10.
a5 a6 11. c4 dxc4 12. Bxc4 Be7 13. Qe2 Bh5 14. h3 Nh4 15. g4 Nxf3+ 16. Qxf3 Bg6 17. Be3 O-O 18. Rfd1 Kh8 19. Rac1 f5 20. Qg2 f4 21.
Bd2 f3 22. Qf1 Be4 23. Bxe6 Rc7 24. Re1 Bd5 25. Bxd5 cxd5 26. Rxc7 Qxc7 27. Rc1 Qd8 28. Be3 Nb8 29. Qe1 Nc6 30. Qc3 Bb4 31. Qd3 Bxa5 32.
Nc5 Qh4 33. Qf1 Qe7 34. Nxa6 Nxe5 35. dxe5 bxa6 36. Bc5 Qxe5 37. Bxf8 Bc7 38. Rxc7 Qxc7 39. Ba3 Qc2 40. Qxa6 Qd1+ 41. Kh2 h6 42. Qc8+ Kh7 43. Qf5+ Kg8 44. Qf8+ Kh7 45. Kg3 Qg1+ 46. Kxf3 Qh1+ 47.
Kg3 Qg1+ 48. Kh4 Qg2 49. Qf5+ Kh8 50. Bc5 g5+ 51. Kh5 Qxh3+ 52. Kg6 1-0

[Event "*** Titled Tuesday Blitz"]
[Site "Chess.com"]
[Date "2020.05.19"]
[Round "9"]
[White "fridaywins"]
[Black "FMOlexandrProhorov"]
[Result "0-1"]
[WhiteElo "2236"]
[BlackElo "2138"]
[TimeControl "180+1"]
[EndTime "13:46:44 PDT"]
[Termination "FMOlexandrProhorov won on time"]

1. e4 c5 2. Nf3 e6 3. d3 Nc6 4. Nbd2 Nf6 5. g3 g6 6. Bg2 Bg7 7. O-O O-O 8. Re1 d5 9. e5 Nd7 10. Nb3 Ndxe5 11. Nxe5 Nxe5 12. Nxc5 b6 13. Nb3 Bb7 14.
d4 Nc4 15. c3 a5 16. Nd2 Nd6 17.
Nf3 b5 18. Bg5 Qc7 19. Qc1 Rfe8 20. Bh6 Bh8 21. Qf4 Rac8 22. Bf1 Nc4 23. Qc1 Qb6 24. b3 Nd6 25. Qe3 Ne4 26. Rac1 Ba6 27. Ng5 Nd6 28. Nf3 Ne4 29. h4 b4 30. c4 Bb7 31. c5 Qc7 32. Bd3 Nc3 33. Rc2 a4 34. bxa4 Bc6 35. h5 Bxa4 36. Rd2 Bc6 37. hxg6 hxg6 38.
Qg5 Ne4 39. Bxe4 dxe4 40. Nh4 Kh7 41. Qe3 Bf6 42. Bg5 Bg7 43. Ng2 Ra8 44. Nf4 Ra3 45. Qe2 e3 0-1

[Event "*** Titled Tuesday Blitz"]
[Site "Chess.com"]
[Date "2020.05.19"]
[Round "9"]
[White "MrChampion_Coach"]
[Black "Tashik"]
[Result "1-0"]
[WhiteElo "2325"]
[BlackElo "2483"]
[TimeControl "180+1"]
[EndTime "13:46:45 PDT"]
[Termination "MrChampion_Coach won on time"]

1. e4 e5 2. Nf3 Nc6 3. Bb5 a6 4.
Ba4 Nf6 5. O-O b5 6. Bb3 Bc5 7. a4 Rb8 8. axb5 axb5 9. Nxe5 Nxe5 10. d4 Bxd4 11. Qxd4 d6 12. f4 c5 13. Qf2 Neg4 14.
Qf3 c4 15. Ba2 Bb7 16. Nc3 O-O 17. h3 b4 18. Nd5 Nxd5 19. exd5 Nf6 20. Bxc4 Qc7 21.
Bb3 Bxd5 22. Bxd5 Qc5+ 23. Be3 Qxd5 24. Qxd5 Nxd5 25. Bd4 Rfc8 26. Ra5 Ne7 27. c3 bxc3 28. bxc3 Rb2 29. Rf2 Rb1+ 30. Kh2 f6 31. Ra6 d5 32. Re2 Rb7 33. Rae6 Kf7 34. Rd6 1-0

[Event "*** Titled Tuesday Blitz"]
[Site "Chess.com"]
[Date "2020.05.19"]
[Round "9"]
[White "GigaQuparadze"]
[Black "Alexander_Zubov"]
[Result "1/2-1/2"]
[WhiteElo "2874"]
[BlackElo "2948"]
[TimeControl "180+1"]
[EndTime "13:46:46 PDT"]
[Termination "Game drawn - insufficient material"]

1. e4 c5 2. Nc3 d6 3. d4 cxd4 4. Qxd4 a6 5. b3 Nf6 6. Bb2 e5 7. Qd2 Be7 8. O-O-O b5 9. f3 Be6 10. Kb1 Nbd7 11. g4 Rc8 12. h4 Nb6 13. g5 Nh5 14.
Bh3 Qd7 15. Bxe6 fxe6 16. Nge2 b4 17. Na4 Nxa4 18. bxa4 O-O 19. Qd3 Qxa4 20. Rhf1 Qb5 21. Qe3 Qc4 22. Rc1 Nf4 23. Nxf4 Rxf4 24. Rh1 a5 25.
Rh2 a4 26. Rg1 Qc5 27. Re1 Qxe3 28. Rxe3 h5 29. gxh6 gxh6 30. h5 Kf7 31. a3 Rb8 32. axb4 Rxb4 33. Ka2 Ke8 34. Rd3 Rc4 35. Bc1 Rf6 36.
Rg2 Kf7 37. Kb1 Bf8 38. Bd2 Ke8 39. Rg8 Kf7 40. Rg2 Rc8 41. Ra3 Ra8 42. Rc3 Ra7 43.
Ka2 d5 44. Rd3 Rd7 45. Bc1 Bc5 46. Re2 Bd4 47. c3 Bc5 48. exd5 Rxd5 49. Rxd5 exd5 50.
Rxe5 Rxf3 51. Rxd5 Rxc3 52. Bxh6 a3 53. Rd2 Rh3 54. Rc2 Be7 55. Bc1 Rxh5 56. Bxa3 Ra5 57. Rc3 Rxa3+ 58. Rxa3 Bxa3 1/2-1/2

[Event "*** Titled Tuesday Blitz"]
[Site "Chess.com"]
[Date "2020.05.19"]
[Round "9"]
[White "GjakanTati"]
[Black "TenisMaster"]
[Result "0-1"]
[WhiteElo "2640"]
[BlackElo "2798"]
[TimeControl "180+1"]
[EndTime "13:46:46 PDT"]
[Termination "TenisMaster won by resignation"]

1. d4 Nf6 2. c4 e6 3. Nf3 d5 4. Nc3 c6 5. Bg5 h6 6. Bxf6 Qxf6 7. e3 Nd7 8. Qc2 g6 9. Bd3 Bg7 10. O-O dxc4 11. Bxc4 O-O 12. e4 e5 13. dxe5 Nxe5 14. Nxe5 Qxe5 15. Kh1 b5 16. Bb3 a5 17. a3 Qc5 18. e5 Bf5 19. Qe2 Qxe5 20. Qf3 b4 21. axb4 axb4 22. Na4 Be4 23. Qe3 Rae8 24. Rad1 Qf5 25.
Qb6 Bxg2+ 26. Kxg2 Qg4+ 27. Kh1 Qf3+ 28. Kg1 Re4 29. h3 Qxh3 30. f4 Qg3+ 31. Kh1 Qh3+ 32. Kg1 Qxb3 33. Qxc6 Qg3+ 34. Kh1 Qh3+ 35. Kg1 Bd4+ 36.
Rxd4 Qg3+ 37. Kh1 Rxd4 38. Qc2 Rxf4 39. Rxf4 Qxf4 0-1

[Event "*** Titled Tuesday Blitz"]
[Site "Chess.com"]
[Date "2020.05.19"]
[Round "9"]
[White "mbojan"]
[Black "heartofatiger"]
[Result "1-0"]
[WhiteElo "2625"]
[BlackElo "2469"]
[TimeControl "180+1"]
[EndTime "13:46:47 PDT"]
[Termination "mbojan won on time"]

1. e4 Nf6 2. e5 Nd5 3. d4 d6 4. Nf3 g6 5. Bc4 Nb6 6. Bb3 Bg7 7. exd6 cxd6 8. O-O O-O 9. Re1 Nc6 10. c3 Qc7 11.
Bf4 e5 12. Bg3 Kh8 13. Nbd2 f5 14. dxe5 dxe5 15. Qe2 f4 16. Bh4 h6 17. Ne4 Bf5 18. Rad1 Rae8 19. Nd6 e4 20. Nxe8 Rxe8 21. Nd4 Nxd4 22.
cxd4 Qd7 23. h3 Nc8 24. Rc1 Nd6 25. Rc5 f3 26. Qd2 fxg2 27. Bg3 e3 28. Rxe3 Ne4 29.
Qe1 Bxd4 30. Rd5 Qg7 31. Rxd4 Qxd4 32. Bc2 Kh7 33. Bh2 Nxf2 34. Re7+ Rxe7 35. Qxe7+ Qg7 36. Qxg7+ Kxg7 37. Bxf5 Nxh3+ 38. Bxh3 1-0

[Event "*** Titled Tuesday Blitz"]
[Site "Chess.com"]
[Date "2020.05.19"]
[Round "9"]
[White "DDTerziev04"]
[Black "kot60"]
[Result "0-1"]
[WhiteElo "2254"]
[BlackElo "2370"]
[TimeControl "180+1"]
[EndTime "13:46:47 PDT"]
[Termination "kot60 won by resignation"]

1. e4 e5 2. Nf3 Nc6 3. Bc4 Be7 4. O-O Nf6 5. d3 d6 6. c3 O-O 7. Bb3 h6 8. h3 Nh7 9. Nbd2 Bg5 10. Re1 Bxd2 11. Bxd2 Qf6 12. Be3 Ne7 13. d4 Ng6 14. Qe2 Be6 15. Rad1 Bxb3 16. axb3 a6 17. dxe5 dxe5 18.
Bc5 Rfe8 19. Be3 Nhf8 20. Rd2 Ne6 21. Red1 Nef4 22. Bxf4 Nxf4 23. Qf1 Nxh3+ 24. gxh3 Qxf3 25. Qg2 Qxg2+ 26. Kxg2 Re7 27. Rd7 Rae8 28. c4 f6 29.
Kf3 Kf7 30. Kg4 g6 31. h4 h5+ 32. Kg3 Ke6 33. R7d5 Rg8 34. f4 Reg7 35. fxe5 fxe5 36. Rf1 c6 37. Rd3 g5 38. Rdf3 gxh4+ 39. Kxh4 Rg4+ 40.
Kxh5 Rxe4 41. Rf7 Kd6 42. Rxb7 Re2 43. c5+ Kxc5 44. b4+ Kd5 45. Rd7+ Ke6 0-1

[Event "*** Titled Tuesday Blitz"]
[Site "Chess.com"]
[Date "2020.05.19"]
[Round "9"]
[White "OsorioFernando"]
[Black "Xeslu"]
[Result "1-0"]
[WhiteElo "2261"]
[BlackElo "2351"]
[TimeControl "180+1"]
[EndTime "13:46:47 PDT"]
[Termination "OsorioFernando won by checkmate"]

1. e4 c5 2. Nc3 a6 3. g3 Nc6 4. Bg2 e6 5. d3 g6 6. Nge2 Bg7 7.
Be3 d6 8. Qd2 h5 9. h3 Nge7 10.
O-O Nd4 11. Rae1 Rb8 12. Nc1 b5 13. Nd1 O-O 14. c3 Ndc6 15. Bh6 Bb7 16. Bxg7 Kxg7 17. f4 Qd7 18. Ne3 f5 19. g4 hxg4 20. hxg4 Rh8 21.
Ne2 b4 22. Ng3 fxg4 23. Nxg4 bxc3 24. bxc3 Rbf8 25. e5 Nf5 26. Ne4 dxe5 27. fxe5 Rh4 28. Qg5 Qe7 29. Nef6 Nxe5 30. Rxe5 Bxg2 31. Rfxf5 Rxg4 32. Nh5+ Kh7 33. Qxe7+ Kh6 34. Qg7# 1-0

[Event "*** Titled Tuesday Blitz"]
[Site "Chess.com"]
[Date "2020.05.19"]
[Round "9"]
[White "Abdodi"]
[Black "zajka-molotok"]
[Result "0-1"]
[WhiteElo "2163"]
[BlackElo "2330"]
[TimeControl "180+1"]
[EndTime "13:46:47 PDT"]
[Termination "zajka-molotok won by resignation"]

1. e4 e5 2. Nf3 Nc6 3. Bb5 a6 4. Ba4 b5 5. Bb3 Na5 6. Bxf7+ Kxf7 7. Nxe5+ Ke7 8. d4 Qe8 9. Bg5+ Nf6 10. Qf3 d6 11. Nd3 Bb7 12. O-O h6 13. Bxf6+ gxf6 14. Nc3 Qg6 15. Nf4 Qg5 16. Nfd5+ Bxd5 17. Nxd5+ Kd8 18. Nxf6 Be7 19. e5 Rb8 20. Nd5 Rf8 21. Qc3 Nc4 22. b3 Qd2 23. bxc4 Qxc3 24. Nxc3 bxc4 25. Rab1 Kd7 26. Rxb8 Rxb8 27. Rb1 Rf8 28. Nd5 Bd8 29. Ne3 Rf4 30. c3 dxe5 31. dxe5 Ke6 32.
Rb4 Kxe5 33. Nxc4+ Ke6 34. Ne3 Rf6 35. Re4+ Kd7 36.
Rd4+ Kc8 37. g3 Rb6 38. Rd2 Bf6 39. Nd5 Rd6 40. c4 c6 41. Nb6+ Kc7 42. Rxd6 Kxd6 43. Na4 Ke5 44. Nc5 Kd4 45. Nxa6 Kxc4 46. f4 Bd4+ 47. Kg2 Kb5 48. Kf3 Kxa6 49. Ke4 c5 50. Kd5 Kb5 51. a4+ Kb4 52. a5 Kxa5 53. Kc4 Kb6 54.
g4 Kc6 55. g5 hxg5 56. fxg5 Be3 57. g6 Bh6 58. h4 Bg7 59. h5 Bh6 60. Kd3 Kd5 61.
Kc3 c4 62. Kc2 Kd4 63. Kd1 Kd3 64. Ke1 Kc2 65. Ke2 c3 66. Kf3 Kb1 67. Ke4 c2 68. Kf5 c1=Q 69. Kf6 Qg5+ 0-1

[Event "*** Titled Tuesday Blitz"]
[Site "Chess.com"]
[Date "2020.05.19"]
[Round "9"]
[White "fabianvivasz"]
[Black "bmt011"]
[Result "1-0"]
[WhiteElo "2316"]
[BlackElo "2062"]
[TimeControl "180+1"]
[EndTime "13:46:47 PDT"]
[Termination "fabianvivasz won on time"]

1. e4 e6 2. d4 d5 3. Nd2 Nf6 4. e5 Nfd7 5. Ngf3 c5 6. c3 Nc6 7. Bd3 cxd4 8. cxd4 Be7 9. O-O O-O 10. Re1 f6 11.
exf6 Nxf6 12. b3 Bd6 13. Bb2 Qc7 14. Ne5 Nb4 15. Rc1 Qb6 16. Bb1 Bd7 17. Re3 Rac8 18.
Rxc8 Rxc8 19. a3 Nc6 20. Nxd7 Nxd7 21. Rxe6 Nxd4 22. Rxd6 Qxd6 23. Bxd4 Qf4 24. Be3 Qe5 25. Nf3 Qh5 26. h3 Nf6 27. Qd3 g6 28. Bg5 Rf8 29. Bc2 h6 30. Bxf6 Rxf6 31. Kh2 Qf5 32. Qc3 Qf4+ 33. Kg1 Kg7 34. Bd3 1-0

[Event "*** Titled Tuesday Blitz"]
[Site "Chess.com"]
[Date "2020.05.19"]
[Round "9"]
[White "FedaMaster"]
[Black "temus_galaktionov"]
[Result "1-0"]
[WhiteElo "2544"]
[BlackElo "2677"]
[TimeControl "180+1"]
[EndTime "13:46:49 PDT"]
[Termination "FedaMaster won on time"]

1. e4 c6 2. d4 g6 3. Nf3 Bg7 4. Nc3 d6 5. h3 Nd7 6. a4 e5 7. Be3 Ngf6 8. dxe5 dxe5 9. Bc4 Qe7 10.
a5 O-O 11. Qe2 Nc5 12. Nd2 Ne6 13. Nb3 Rd8 14. Rd1 Rxd1+ 15. Kxd1 Nh5 16. Bxe6 Bxe6 17. Nc5 Nf4 18. Qf1 b6 19. Nxe6 Qxe6 20. g3 Qd6+ 21. Kc1 Ne6 22. Qa6 Qb8 23. Rd1 Nd4 24. f4 bxa5 25.
fxe5 Nb5 26. Na4 Qxe5 27. Qxc6 Re8 28. Bf4 Nd4 29. Rxd4 Qxd4 30. Qxe8+ Bf8 31. Nc3 Qg7 32. Bd6 Qh6+ 33. Kb1 1-0

[Event "*** Titled Tuesday Blitz"]
[Site "Chess.com"]
[Date "2020.05.19"]
[Round "9"]
[White "gvanna"]
[Black "attack2mateU"]
[Result "0-1"]
[WhiteElo "2471"]
[BlackElo "2626"]
[TimeControl "180+1"]
[EndTime "13:46:49 PDT"]
[Termination "attack2mateU won by resignation"]

1. e4 c5 2. Nf3 d6 3. d4 cxd4 4. Nxd4 Nf6 5. Nc3 a6 6. Be3 e5 7. Nb3 Be6 8. f3 h5 9. Qd2 Nbd7 10. O-O-O Be7 11. Kb1 b5 12. h4 Nb6 13. Bxb6 Qxb6 14. Nd5 Nxd5 15. exd5 Bd7 16. Bd3 b4 17. Rde1 a5 18.
f4 a4 19. Nc1 Bf6 20. Qe3 Qc7 21.
Qe4 a3 22. Qxb4 axb2 23. Nb3 Ra4 24. Qd2 Qa7 25. fxe5 Bxe5 26. Rxe5+ dxe5 27. Kxb2 Rxa2+ 28. Kb1 O-O 29. Re1 Rb8 30. Qc3 Rc8 31. Qxe5 Qa3 32. d6 Be6 33. d7 Bxd7 34. Re3 Be6 35. Rg3 Kf8 36. Qxg7+ Ke7 37. Qg5+ Kd7 38. Bb5+ Kc7 39. Qe5+ Kb6 40. Qd6+ Qxd6 41. Rg5 Rcxc2 0-1

[Event "*** Titled Tuesday Blitz"]
[Site "Chess.com"]
[Date "2020.05.19"]
[Round "9"]
[White "vovachesss"]
[Black "UmutErdemGunduz"]
[Result "0-1"]
[WhiteElo "2605"]
[BlackElo "2485"]
[TimeControl "180+1"]
[EndTime "13:46:49 PDT"]
[Termination "UmutErdemGunduz won by resignation"]

1. Nf3 Nf6 2. b3 g6 3. Bb2 Bg7 4. e3 O-O 5. d4 d6 6. Be2 e5 7. dxe5 Nfd7 8. c4 Nc6 9. O-O Ndxe5 10. Nc3 Be6 11. Nd4 Bd7 12. Nc2 h5 13. h3 Ne7 14.
f4 N5c6 15. e4 f5 16. Bd3 fxe4 17. Bxe4 Nf5 18. Qd3 Qh4 19. Rae1 Ncd4 20. Kh2 Nxc2 21. Qxc2 Rae8 22. Qd3 Bc6 23. Bxc6 bxc6 24. g3 Qd8 25. Qd2 h4 26. g4 Ng3 27. Rg1 Rxe1 28. Rxe1 Qf6 29. Nd1 Qxf4 30. Qxf4 Rxf4 31. Bxg7 Kxg7 32.
Kg2 Kf6 33. Nf2 d5 34. cxd5 cxd5 35. Rc1 c5 36. Rxc5 Rxf2+ 37. Kxf2 Ne4+ 38. Ke3 Nxc5 39. Kd4 Ne6+ 40. Kxd5 Nf4+ 41. Ke4 Nxh3 42. b4 Ng5+ 43. Ke3 Ke5 44. a4 h3 45. Kf2 Kd4 46. b5 Kc5 47.
Kg3 Kb4 48. b6 axb6 0-1

[Event "*** Titled Tuesday Blitz"]
[Site "Chess.com"]
[Date "2020.05.19"]
[Round "9"]
[White "Harry_Rakkel"]
[Black "RojonR"]
[Result "0-1"]
[WhiteElo "2564"]
[BlackElo "2442"]
[TimeControl "180+1"]
[EndTime "13:46:49 PDT"]
[Termination "RojonR won by checkmate"]

1. e4 c5 2. Nf3 Nc6 3. d4 cxd4 4.
Nxd4 d5 5. Bb5 dxe4 6. Nxc6 Qxd1+ 7. Kxd1 a6 8. Nxe7+ Kxe7 9. Bc4 Be6 10. Nd2 Rd8 11. Bxe6 Kxe6 12. Ke2 f5 13. Nb3 Nf6 14. Bg5 Be7 15. Rad1 g6 16. c3 Nd5 17. Nd4+ Kf7 18. Bc1 Rd7 19. g3 Rhd8 20. Nc2 Bf6 21. c4 Ne7 22.
Rxd7 Rxd7 23. Rd1 Rxd1 24. Kxd1 Nc6 25. Ne3 Ne5 26. b3 Nd3 27. Nd5 Nxf2+ 28. Ke2 Nd3 29. Be3 Be5 30. a4 h5 31. a5 h4 32. gxh4 Bxh2 33.
b4 f4 34. Bb6 f3+ 35. Kf1 Ke6 36. Ne3 Nxb4 37. Ng4 Bf4 38. Nf2 e3 39. Nh3 e2+ 40. Ke1 Nd3# 0-1

[Event "*** Titled Tuesday Blitz"]
[Site "Chess.com"]
[Date "2020.05.19"]
[Round "9"]
[White "bsnsun"]
[Black "PowerThinking2650"]
[Result "1-0"]
[WhiteElo "2494"]
[BlackElo "2308"]
[TimeControl "180+1"]
[EndTime "13:46:50 PDT"]
[Termination "bsnsun won by resignation"]

1. Nf3 Nf6 2. g3 g6 3. c4 Bg7 4. d4 d6 5. Bg2 O-O 6. Nc3 Nbd7 7. O-O e5 8. e4 exd4 9. Nxd4 Re8 10. h3 Nc5 11. Re1 a5 12. Qc2 Bd7 13. Be3 Qc8 14. Kh2 Re5 15. g4 Bxg4 16. hxg4 Qxg4 17. Qe2 Qh4+ 18.
Kg1 Rh5 19. Nf3 Qg4 20. Nh2 Qh4 21. Nf3 Qg4 22. e5 Nfe4 23. Nxe4 Nxe4 24. Bd4 Ng5 25. Nxg5 Qxg5 26. Rad1 dxe5 27. Be3 Qh4 28. Qf3 c6 29.
Rd7 Qxc4 30. Rxb7 Rc8 31. b3 Qe6 32. Bc5 f5 33. Re7 Qf6 34. R7xe5 Qh4 35. Re7 Qh2+ 36. Kf1 Rd8 37. Qe3 Bf6 38. Qe6+ 1-0

[Event "*** Titled Tuesday Blitz"]
[Site "Chess.com"]
[Date "2020.05.19"]
[Round "9"]
[White "Maghalashvili"]
[Black "Jumbo"]
[Result "0-1"]
[WhiteElo "2806"]
[BlackElo "2881"]
[TimeControl "180+1"]
[EndTime "13:46:51 PDT"]
[Termination "Jumbo won by resignation"]

1. Nf3 Nf6 2. g3 d5 3. Bg2 c6 4.
O-O Bg4 5. d4 Nbd7 6. h3 Bh5 7. c4 e6 8. cxd5 exd5 9. Qb3 Qb6 10. Qe3+ Be7 11. Nh4 Bg6 12. Nc3 Qd8 13. Nxg6 hxg6 14.
Qd3 O-O 15. Rb1 a5 16. a3 a4 17. h4 Re8 18. Bf3 Qa5 19. Kg2 Nb6 20. Rh1 Nc4 21. Bf4 Bd6 22. Bg5 Nh7 23. e4 Be7 24. Bxe7 Rxe7 25.
exd5 Nd6 26. dxc6 bxc6 27. Bxc6 Rc8 28. Bxa4 Rxc3 29. bxc3 Qxa4 30. Rb8+ Nf8 31. Rhb1 Qxa3 32. Rd8 Rd7 33. Rbb8 Rxd8 34. Rxd8 Nb7 35. Rb8 Qa7 36. Re8 Nd6 37. Re1 Qc7 38. Qf3 Ne6 39. Ra1 Qc4 40.
Ra8+ Kh7 41. h5 g5 42. Kh2 Qf1 43. Ra6 Qxa6 0-1

[Event "*** Titled Tuesday Blitz"]
[Site "Chess.com"]
[Date "2020.05.19"]
[Round "9"]
[White "Shuvalov"]
[Black "m_ezat"]
[Result "1-0"]
[WhiteElo "2444"]
[BlackElo "2544"]
[TimeControl "180+1"]
[EndTime "13:46:51 PDT"]
[Termination "Shuvalov won by checkmate"]

1. Nf3 Nf6 2. c4 g6 3. d4 Bg7 4. Nc3 O-O 5. e4 d6 6. Be2 e5 7. O-O exd4 8. Nxd4 Re8 9. f3 c6 10. Nc2 a5 11. Be3 d5 12. cxd5 cxd5 13. Bb5 Bd7 14.
Bxd7 Qxd7 15. exd5 Na6 16. Qd2 Nb4 17. Bf2 Rac8 18.
Rad1 h5 19. d6 Rc6 20. Nxb4 axb4 21. Nb5 Ra8 22. Qxb4 Rxa2 23. Rfe1 Ne8 24. Re7 Qd8 25. d7 Nf6 26. Qb3 Qxe7 27. d8=Q+ Qxd8 28. Rxd8+ Kh7 29. Qxa2 Rc1+ 30. Be1 Rxe1+ 31. Kf2 Rc1 32. Qxf7 Rc2+ 33. Kf1 h4 34. Nd4 Rc1+ 35. Ke2 Rc5 36. Ne6 Re5+ 37. Kf1 Nh5 38. Nxg7 Nxg7 39. Rd7 Kh6 40.
Qxg7+ Kg5 41. Qxe5+ Kh6 42. Rg7 h3 43. Qf6 hxg2+ 44.
Kxg2 b6 45. Qxg6# 1-0

[Event "*** Titled Tuesday Blitz"]
[Site "Chess.com"]
[Date "2020.05.19"]
[Round "9"]
[White "FairChess_on_YouTube"]
[Black "viviania"]
[Result "0-1"]
[WhiteElo "3019"]
[BlackElo "2974"]
[TimeControl "180+1"]
[EndTime "13:46:52 PDT"]
[Termination "viviania won by checkmate"]

1. e4 e6 2. d4 d5 3. Nc3 Bb4 4. Qd3 Ne7 5. a3 Bxc3+ 6. bxc3 O-O 7. Nf3 b6 8. Qe3 Ba6 9. Bd3 Qd7 10. Ne5 Qa4 11.
Qg3 Bxd3 12. cxd3 Nbc6 13. Bf4 Rac8 14. O-O Nxe5 15. Bxe5 Ng6 16. f4 f6 17. f5 exf5 18. exf5 Ne7 19. Bxc7 Qd7 20. Bd6 Nxf5 21. Rxf5 Qxf5 22.
Bxf8 Kxf8 23. Re1 h6 24. h3 Qd7 25. Rc1 Kf7 26. Qf3 Qe6 27. Kf2 Qd6 28. a4 Rc7 29.
Qf5 Re7 30. Kf3 g6 31. Qc8 h5 32. c4 h4 33. Qg4 g5 34. Qf5 Qg3# 0-1

[Event "*** Titled Tuesday Blitz"]
[Site "Chess.com"]
[Date "2020.05.19"]
[Round "9"]
[White "Shield12"]
[Black "SketchyMoves"]
[Result "1-0"]
[WhiteElo "2822"]
[BlackElo "2647"]
[TimeControl "180+1"]
[EndTime "13:46:53 PDT"]
[Termination "Shield12 won on time"]

1. e4 c6 2. Nf3 d5 3. d3 dxe4 4. dxe4 Qxd1+ 5. Kxd1 g6 6. a4 Bg7 7. c3 Nf6 8. Nbd2 O-O 9. h3 Nbd7 10. Bd3 Nc5 11. Bc2 Rd8 12. Ke2 a5 13. Rd1 b6 14.
Nd4 Ba6+ 15. Ke3 Rd6 16. f4 Bh6 17. N2f3 Ne6 18. Nxe6 Rxe6 19. Nd4 Rd6 20. e5 Nd5+ 21. Kf3 Rd7 22. Be4 Bb7 23. g4 e6 24. Nc2 Rad8 25.
Na3 Bf8 26. Nc4 Bc5 27. f5 Ba6 28. Ne3 exf5 29. gxf5 Re8 30. Bxd5 Bxe3 31. Bxe3 cxd5 32. Kf4 g5+ 33. Kxg5 Rxe5 34. Bxb6 h6+ 35. Kf6 Re4 36. Rg1+ Kh7 37. Rg7+ Kh8 38. Bc5 Be2 39. Rag1 1-0

[Event "*** Titled Tuesday Blitz"]
[Site "Chess.com"]
[Date "2020.05.19"]
[Round "9"]
[White "Konek-Gorbunok"]
[Black "Konovalova_Vera"]
[Result "1-0"]
[WhiteElo "2277"]
[BlackElo "2153"]
[TimeControl "180+1"]
[EndTime "13:46:53 PDT"]
[Termination "Konek-Gorbunok won by resignation"]

1. d4 f5 2. Nf3 Nf6 3. g3 e6 4. Bg2 Be7 5. O-O O-O 6. c4 c6 7. Nc3 d5 8. e3 b6 9. Ne5 Bb7 10.
b3 Nbd7 11. Nxd7 Qxd7 12. Bb2 Ne4 13. f3 Nxc3 14. Bxc3 Ba6 15. Qe2 b5 16. c5 Qb7 17.
b4 Qd7 18. Rfe1 Bd8 19. e4 fxe4 20. fxe4 Bb7 21. Bh3 Qe8 22. exd5 cxd5 23. Qxe6+ Qxe6 24. Bxe6+ Kh8 25. Bd7 Bf6 26. Bxb5 Rad8 27. Bf1 Rde8 28. b5 g6 29. Bg2 Bg5 30. c6 Be3+ 31. Kh1 Bc8 32. Bxd5 Bf2 33. Rxe8 Rxe8 34. Bg2 h5 35. d5+ Kh7 36. d6 Re3 37. d7 Bxd7 38. cxd7 Rd3 39. Bc6 Bb6 40. Bf6 1-0

[Event "*** Titled Tuesday Blitz"]
[Site "Chess.com"]
[Date "2020.05.19"]
[Round "9"]
[White "VojtechPlat"]
[Black "DaggiGretarsson"]
[Result "1-0"]
[WhiteElo "2880"]
[BlackElo "2619"]
[TimeControl "180+1"]
[EndTime "13:46:54 PDT"]
[Termination "VojtechPlat won on time"]

1. e4 g6 2. Nf3 Bg7 3. d4 d6 4. Bd3 Nf6 5. Qe2 O-O 6. e5 dxe5 7. dxe5 Nd5 8. h3 Na6 9. c3 Nc5 10. Bc2 b6 11. a3 Ba6 12. c4 Ne6 13. O-O Ndf4 14.
Qe4 Bh6 15. Bxf4 Nxf4 16. Nc3 Qc8 17. Rfd1 Bb7 18. Nd5 Re8 19. Ba4 b5 20. Bxb5 c6 21. Nxf4 cxb5 22. Nd5 bxc4 23. Qh4 Bxd5 24. Rxd5 Bg7 25.
Rc1 Qb7 26. Rd2 Rad8 27. Rdc2 Rc8 28. e6 f5 29. Ng5 h6 30. Nf7 Qd5 31. Nxh6+ Bxh6 32. Qxh6 Qxe6 33. Qf4 Rb8 34. Rxc4 Rxb2 35. Rc6 Qf7 36.
Qg5 Kg7 37. h4 Re2 38. R1c3 Re6 39. Rc7 Qf6 40. Qxf6+ 1-0

[Event "*** Titled Tuesday Blitz"]
[Site "Chess.com"]
[Date "2020.05.19"]
[Round "9"]
[White "chito89"]
[Black "Shubinkirill2003"]
[Result "1-0"]
[WhiteElo "2733"]
[BlackElo "2582"]
[TimeControl "180+1"]
[EndTime "13:46:54 PDT"]
[Termination "chito89 won by resignation"]

1. e4 e6 2. d4 d5 3. Nc3 Bb4 4.
Ne2 Nc6 5. a3 Ba5 6. b4 Bb6 7.
Bb2 Nge7 8. g3 O-O 9. Bg2 a5 10. b5 Nb8 11. a4 c6 12. Ba3 Re8 13. O-O Nd7 14. Qd3 c5 15. exd5 exd5 16. Nf4 cxd4 17. Ncxd5 Nxd5 18. Nxd5 Ne5 19. Qd1 Be6 20. Nxb6 Qxb6 21.
Re1 Bg4 22. Qc1 Qf6 23. Re4 Nf3+ 24. Bxf3 Qxf3 25. Rf4 Qe2 26. Bb2 Rac8 27. Bxd4 Bf3 28. c3 Bd5 29. Qf1 Qe6 30. h4 b6 31. Kh2 Bb7 32. Qh3 Qd5 33. Rg1 Re2 34. Qg4 1-0